 Dungeon Crawl Stone Soup version 0.18-a0-1673-gaded821 (webtiles) character file.

2082 Herrn the Firebug (level 9, 0/68 HPs)
             Began as a Formicid Fire Elementalist on Mar 31, 2016.
             Was a Believer of Okawaru.
             Succumbed to a killer bee's poison
             ... on level 7 of the Dungeon on Apr 1, 2016.
             The game lasted 02:13:01 (7854 turns).

Herrn the Firebug (Formicid Fire Elementalist)      Turns: 7854, Time: 02:13:02

Health: 0/68       AC:  6    Str: 11    XL:     9   Next: 51%
Magic:  5/22       EV: 14    Int: 18    God:    Okawaru [**....]
Gold:   467        SH:  0    Dex: 11    Spells: 2 memorised, 9 levels left

rFire  . . .     SeeInvis +     q - +0 hand axe
rCold  + . .     Gourm    +     o - +2 robe {rC+}
rNeg   . . .     Faith    .     (no shield)
rPois  .         Spirit   .     (helmet unavailable)
rElec  .         Dismiss  .     w - +0 cloak
rCorr  .         Reflect  .     j - +0 pair of gloves
SustAt .         Harm     .     (no boots)
MR     .....                    C - amulet of the gourmand
Stlth  ++........               i - ring of magical power
                                m - -2 ring of strength

@: lethally poisoned (0 -> -10), very slightly contaminated, not resistant to
hostile enchantments, unstealthy
A: permanent stasis, dig shafts and tunnels, four strong arms, antennae 3
a: Dig, Shaft Self, Heroism, Renounce Religion


You were on level 7 of the Dungeon.
You worshipped Okawaru.
Okawaru was pleased with you.
You were not hungry.

You visited 2 branches of the dungeon, and saw 8 of its levels.

You collected 467 gold pieces.

Inventory:

Hand Weapons
 q - a +0 hand axe (weapon)
Armour
 a - a +0 robe
 j - a +0 pair of gloves (worn)
 o - a +2 robe of cold resistance (worn)
 r - a cursed +0 chain mail
 w - a +0 cloak (worn)
Jewellery
 d - an uncursed ring of resist corrosion
 i - a ring of magical power (right hand)
 m - a -2 ring of strength (left hand)
 C - an amulet of the gourmand (around neck)
Wands
 l - a wand of lightning (5/15)
 s - a wand of polymorph (12/24)
 B - a wand of slowing (20/48)
 D - a wand of iceblast (6/15)
Scrolls
 e - 3 scrolls of enchant armour
 h - 4 scrolls of remove curse
 n - a scroll of fear {unknown}
 t - 2 scrolls of enchant weapon {unknown}
 v - a scroll of recharging {unknown}
 x - a scroll of random uselessness {unknown}
 y - 2 scrolls of blinking {unknown}
 z - 2 scrolls of magic mapping {unknown}
 E - a scroll of teleportation {unknown}
 F - a scroll of torment {unknown}
 J - a scroll of holy word {unknown}
 K - a scroll of summoning {unknown}
Potions
 f - 2 potions of brilliance
 g - a potion of might {unknown}
 p - 3 potions of curing
 A - 2 potions of flight
 G - a potion of magic {unknown}
 H - a potion of heal wounds {unknown}
 I - a potion of cure mutation {unknown}
Books
 b - a book of Flames

   Spells                             Type                      Level
   a - Flame Tongue                   Conjuration/Fire             1
   b - Throw Flame                    Conjuration/Fire             2
   c - Conjure Flame                  Conjuration/Fire             3
   d - Inner Flame                    Hexes/Fire                   3
   e - Sticky Flame                   Conjuration/Fire             4
   f - Fireball                       Conjuration/Fire             5
Comestibles
 c - 7 bread rations
 k - 7 fruits
 u - 6 meat rations
 L - a chunk of flesh


   Skills:
 * Level 5.5 Fighting
 * Level 4.5 Axes
 + Level 5.3 Dodging
 - Level 2.4 Stealth
 - Level 3.0 Spellcasting
 - Level 3.1 Conjurations
 + Level 7.3 Fire Magic


You had 9 spell levels left.
You knew the following spells:

 Your Spells              Type           Power        Failure   Level  Hunger
a - Flame Tongue          Conj/Fire      ###..        1%          1    None
b - Sticky Flame          Conj/Fire      ###.....     24%         4    ####...


Dungeon Overview and Level Annotations

Branches:
Dungeon (7/15)             Temple (1/1) D:6

Altars:
Ashenzari
Cheibriados
Dithmenos
Elyvilon
Fedhas
Gozag
Kikubaaqudgha
Nemelex Xobeh
Okawaru
Pakellas
Qazlal
Ru
Sif Muna
Trog
Vehumet
Xom
Yredelemnul
Zin
The Shining One
Lugonu

Shops:
D:2 *

Annotations:
D:7 rb10c's ghost, novice GrFi


Innate Abilities, Weirdness & Mutations

You are under a permanent stasis effect.
You can dig through walls and to a lower floor.
Your four strong arms can wield two-handed weapons with a shield.
You have a pair of large antennae on your head (SInv).


Message History

The killer bee poisons you!
Casting: Flame Tongue
Confirm with . or Enter, or press ? or * to list all spells.
Aiming: Flame Tongue
Press: ? - help, Shift-Dir - straight line, f/p - killer bee
Aim: a killer bee (moderately wounded)
You miscast Flame Tongue.
Nothing appears to happen.
* * * LOW HITPOINT WARNING * * *
You feel sick. The killer bee stings you.
* * * LOW HITPOINT WARNING * * *
You are more poisoned.
The killer bee poisons you! The killer bee barely misses you.
Casting: Flame Tongue
Confirm with . or Enter, or press ? or * to list all spells.
Aiming: Flame Tongue
Press: ? - help, Shift-Dir - straight line, f/p - killer bee
Aim: a killer bee (moderately wounded)
The flame tongue hits the killer bee.
The killer bee is heavily wounded.
You die...

#.≈≈≈≈≈## #..≈≈≈.#
### #..###.###..#
...###.....#
.....#.....#
#.......###
#....(######
#..#..##...######
...###.......÷.y@#
#.. ##..##...#####
##..#..###.#.##
##.....##..##.#
..............#
.........##...#
#..._...####..#
......y..##...#
.............##


You could see a killer bee.

Vanquished Creatures
  A wyvern (D:7)
  An orc warrior (D:6)
  A sky beast (D:6)
  2 ogres
  2 phantoms (D:5)
  2 centaurs
  A giant frog (D:7)
  5 scorpions
  3 killer bees (D:7)
  A howler monkey (D:7)
  A crimson imp (D:6)
  A quasit (D:4)
  Crazy Yiuf (D:3)
  5 hounds
  2 giant frog skeletons (D:5)
  An iguana (D:5)
  6 worker ants
  12 adders
  6 gnolls (D:4)
  A howler monkey skeleton (D:6)
  3 shadow imps
  An adder skeleton (D:7)
  6 worms
  A dart slug (D:1)
  6 giant geckos
  3 orcs
  5 giant cockroaches
  12 goblins
  7 hobgoblins
  9 jackals
  3 quokkas
  3 bats
  5 giant newts
  7 kobolds
  A quokka skeleton (D:4)
  5 rats
  A fungus (D:5)
133 creatures vanquished.

Notes
Turn   | Place    | Note
--------------------------------------------------------------
     0 | D:1      | Herrn the Formicid Fire Elementalist began the quest for the Orb.
     0 | D:1      | Reached XP level 1. HP: 13/13 MP: 3/3
   355 | D:1      | Reached XP level 2. HP: 20/20 MP: 3/5
   838 | D:1      | Reached skill level 1 in Fighting
   980 | D:1      | Reached skill level 1 in Conjurations
  1212 | D:2      | Reached XP level 3. HP: 22/26 MP: 3/6
  1447 | D:2      | Found Zin's Purification Station.
  1450 | D:2      | Found a glowing silver altar of Zin.
  1912 | D:2      | Reached XP level 4. HP: 32/32 MP: 7/7
  2048 | D:2      | Found a bloodstained altar of Trog.
  2048 | D:2      | Found a white marble altar of Elyvilon.
  2587 | D:3      | Reached XP level 5. HP: 37/38 MP: 9/9
  3245 | D:3      | Noticed Crazy Yiuf
  3258 | D:3      | Killed Crazy Yiuf
  3276 | D:3      | Reached skill level 4 in Fire Magic
  3404 | D:4      | Noticed a hippogriff
  3414 | D:3      | Learned a level 4 spell: Sticky Flame
  3477 | D:4      | Reached skill level 1 in Axes
  3477 | D:4      | Reached XP level 6. HP: 22/46 MP: 10/10
  3760 | D:4      | Found an opulent altar of Gozag.
  3817 | D:4      | Reached XP level 7. HP: 32/51 MP: 2/11
  4481 | D:4      | Reached skill level 5 in Fire Magic
  4675 | D:5      | Entered Level 5 of the Dungeon
  4766 | D:5      | Reached XP level 8. HP: 37/60 MP: 4/12
  4959 | D:5      | Found an iron altar of Okawaru.
  4967 | D:5      | Became a worshipper of Warmaster Okawaru
  5172 | D:5      | Found a sacrificial altar of Ru.
  5457 | D:5      | Reached * piety under Okawaru
  5496 | D:5      | Reached skill level 6 in Fire Magic
  5796 | D:6      | Found an ancient bone altar of Kikubaaqudgha.
  6040 | D:6      | Upgraded the game from 0.18-a0-1655-ge2d8d33 to 0.18-a0-1673-gaded821
  6166 | D:6      | Found a sparkling altar of Nemelex Xobeh.
  6300 | D:6      | Reached XP level 9. HP: 65/66 MP: 13/13
  6491 | D:6      | Found a staircase to the Ecumenical Temple.
  6650 | Temple   | Entered the Ecumenical Temple
  6702 | D:7      | Noticed rb10c's ghost (novice GrFi)
  6909 | D:7      | Reached ** piety under Okawaru
  6909 | D:7      | Reached skill level 5 in Fighting
  6909 | D:7      | Reached skill level 7 in Fire Magic
  7103 | D:7      | Reached skill level 5 in Dodging
  7184 | D:7      | Found a radiant altar of Vehumet.
  7652 | D:7      | Found a blossoming altar of Fedhas.
  7672 | D:7      | Found a shadowy altar of Dithmenos.
  7852 | D:7      | HP: 3/68 [killer bee (8)]
  7853 | D:7      | HP: 1/68 [killer bee (1)]
  7854 | D:7      | Succumbed to a killer bee's poison

Vault maps used:
D:1:      dpeg_arrival_short_road, minivault_25, st_stairs_3
D:2:      zin_purify, nicolae_overflow_hidden_temple
D:3:      kennysheep_six_static_rooms, first_bread, uniq_crazy_yiuf_cottage
D:4:      grunt_gozag_statues, lemuel_tele_altar
D:5:      okawaru_gym_becter, nicolae_ru_the_path_less_chosen
D:6:      nemelex_deck, lemuel_crystal_altar, temple_doors_a
D:7:      wad_crossroads, fedhas_altar_2, nicolae_dithmenos_shadow_blocks,
          basic_altar
Temple:   corrupted_temple

Skill      XL: |  1  2  3  4  5  6  7  8  9 |
---------------+----------------------------+-----
Fighting       | 1 2 3 4 5 |  5.5
Conjurations   | 1 2 3 |  3.1
Dodging        | 2 3 4 5 |  5.3
Spellcasting   | 3 |  3.0
Fire Magic     | 4 5 6 7 |  7.3
Axes           | 1 2 3 4 |  4.5
Stealth        | |  2.4

Action                   |  1- 3 |  4- 6 |  7- 9 || total
-------------------------+-------+-------+-------++-------
Melee: Unarmed           |     5 |       |       ||     5
       Hand axe          |       |    14 |    43 ||    57
 Cast: Flame Tongue      |    50 |   121 |   230 ||   401
       Sticky Flame      |       |       |     3 ||     3
 Abil: Dig               |       |     4 |     8 ||    12
  Use: Scroll            |       |       |     6 ||     6
       Potion            |       |       |     1 ||     1
 Stab: Sleeping          |       |     1 |       ||     1
  Eat: Chunk             |     3 |     8 |    14 ||    25
